 Dungeon Crawl Stone Soup version 0.31-a0-986-g5e6e4ef867 (webtiles) character file.

Game seed: 1573465861157856836

63657 wildpjah the Fencer (level 15, -10/101 HPs)
             Began as a Tengu Fighter on Nov 24, 2023.
             Was the Champion of Okawaru.
             Mangled by a deep elf archer
             ... wielding a +4 dagger
              (12 damage)
             ... on level 1 of the Elven Halls.
             The game lasted 01:42:32 (18547 turns).

wildpjah the Fencer (Tengu Fighter)                Turns: 18547, Time: 01:42:33

Health: -10/101    AC: 16    Str: 24    XL:     15   Next: 10%
Magic:  15/16      EV: 19    Int: 13    God:    Okawaru [******]
Gold:   750        SH:  9    Dex: 32    Spells: 13/14 levels left

rFire   + + .        A - +5 demon blade (freeze)
rCold   + . .        c - +0 buckler
rNeg    + . .        U - +2 scale mail of the Centipede {Rampage Str+5}
rPois   +            (helmet restricted)
rElec   +            q - +0 cloak "Damnable Contraption" {rN+ Int+4 SInv Stlth-}
rCorr   +            f - +1 pair of gloves "Kori Zuwa" {rC+ Dex+2}
SInv    +            (boots unavailable)
Will    +....        C - amulet "Henozish" {RegenMP rC- Str+2 Dex+4}
Stlth   +            E - ring of protection from fire
HPRegen 0.36/turn    N - +6 ring of dexterity
MPRegen 0.55/turn

%: acrobat, rampage
@: resistant, flying, slowed, studying Maces & Flails, very slow
A: beak, talons 3, evasive flight, acrobatic
a: Renounce Religion, Heroism, Finesse, Duel


You were on level 1 of the Elven Halls.
You worshipped Okawaru.
Okawaru was exalted by your worship.
You visited 5 branches of the dungeon, and saw 20 of its levels.
You also visited: Sewer.

You collected 2495 gold pieces.
You spent 1745 gold pieces at shops.

Inventory:

Hand Weapons
 a - a +0 long sword
 i - a +0 short sword of distortion
 p - a +2 short sword of venom
 A - a +5 demon blade of freezing (weapon)
 J - the +6 short sword "Useuhaish" {antimagic, rN++}
   (You found it on level 5 of the Lair of Beasts)

   rN++:      It greatly protects you from negative energy.
 K - a +2 scimitar of flaming
 P - a +1 scimitar of holy wrath
Missiles
 j - 9 curare-tipped darts
 m - 12 silver javelins
 B - 3 throwing nets
 Y - 11 boomerangs
Armour
 b - the +3 hat of Pondering {ponderous, Will+ MP+10 Int+5}
   (You took it off Gastronok on level 1 of the Lair of Beasts)

   Int+5:     It affects your intelligence (+5).
   Will+:     It increases your willpower.
   MP+10:     It affects your magic capacity (+10).
 c - a +0 buckler (worn)
 f - the +1 pair of gloves "Kori Zuwa" (worn) {rC+ Dex+2}
   (Okawaru gifted it to you on level 2 of the Lair of Beasts)

   Dex+2:     It affects your dexterity (+2).
   rC+:       It protects you from cold.
 q - the +0 cloak "Damnable Contraption" (worn) {rN+ Int+4 SInv Stlth-}
   (You acquired it on level 9 of the Dungeon)

   Int+4:     It affects your intelligence (+4).
   rN+:       It protects you from negative energy.
   SInv:      It lets you see invisible.
   Stlth-:    It makes you less stealthy.
 F - a +2 cloak of preservation
 S - a +0 pair of gloves of hurling
 U - the +2 scale mail of the Centipede (worn) {Rampage Str+5}
   (You bought it in a shop on level 2 of the Orcish Mines)

   Str+5:     It affects your strength (+5).
   Rampage:   It bestows one free step when moving towards enemies.
Jewellery
 k - a ring of wizardry
 r - a ring of protection from cold
 s - a ring of willpower
 t - a ring of poison resistance
 C - the amulet "Henozish" (around neck) {RegenMP rC- Str+2 Dex+4}
   (You acquired it on level 2 of the Orcish Mines)

   [amulet of magic regeneration]

   RegenMP:   It increases your rate of magic regeneration.
   Str+2:     It affects your strength (+2).
   Dex+4:     It affects your dexterity (+4).
   rC-:       It makes you vulnerable to cold.
 D - an amulet of reflection
 E - a ring of protection from fire (left hand)
 M - a ring of ice
 N - a +6 ring of dexterity (right hand)
 Q - a ring of see invisible
 R - a +6 ring of intelligence
Wands
 d - a wand of paralysis (17)
 h - a wand of iceblast (19)
 H - a wand of mindburst (36)
 L - a wand of flame (19)
 V - a wand of polymorph (3)
 X - a wand of acid (7)
Scrolls
 e - 3 scrolls of silence
 l - 9 scrolls of teleportation
 n - 3 scrolls of fog
 w - a scroll of revelation
 y - 5 scrolls of fear
 W - 3 scrolls of brand weapon
Potions
 g - 6 potions of enlightenment
 u - 2 potions of attraction
 x - 2 potions of mutation {unknown}
 z - a potion of brilliance {unknown}
 G - a potion of berserk rage
 I - 5 potions of curing
 T - a potion of lignification
 Z - a potion of haste {unknown}
Miscellaneous
 o - a tin of tremorstones (2/2)


   Skills:
 * Level 14.3 Fighting
 + Level 1.1(10.0) Short Blades
 * Level 15.3 Long Blades
 + Level 2.9 Throwing
 * Level 14.3 Armour
 + Level 4.6 Dodging
 + Level 2.6 Stealth
 + Level 10.8 Shields
 * Level 1.2 Conjurations
 * Level 0.1 Fire Magic
 + Level 0.1 Invocations
 + Level 1.3 Evocations


You had 13 spell levels left.
You knew the following spells:

 Your Spells              Type           Power      Damage    Failure   Level
a - Foxfire               Conj/Fire      4%         2x1d4     45%         1

Your spell library contained the following spells:

 Spells                   Type           Power      Damage    Failure   Level
 Slow                     Hex            0%         N/A       54%         1
 Blink                    Tloc           0%         N/A       69%         2
 Sublimation of Blood     Necr           0%         N/A       69%         2
 Confusing Touch          Hex            0%         N/A       89%         3
 Inner Flame              Hex/Fire       0%         N/A       89%         3
 Ozocubu's Armour         Ice            0%         N/A       89%         3
 Sigil of Binding         Hex            0%         N/A       89%         3
 Vampiric Draining        Necr           0%         2d6       89%         3
 Flame Wave               Conj/Fire      1%         2d4       99%         4
 Sticky Flame             Conj/Fire      1%         2d3       99%         4
 Dimensional Bullseye     Hex/Tloc       0%         N/A       100%        4
 Leda's Liquefaction      Hex/Erth       0%         N/A       100%        4
 Manifold Assault         Tloc           0%         N/A       100%        4
 Petrify                  Tmut/Erth      0%         N/A       100%        4
 Irradiate                Conj/Tmut      0%         3d11      100%        5
 Conjure Ball Lightning   Conj/Air       0%         3x3d6     100%        6
 Plasma Beam              Fire/Air       0%         2x1d10    100%        6
 Starburst                Conj/Fire      0%         6d3       100%        6
 Ozocubu's Refrigeration  Ice            0%         4d7       100%        7
 Discord                  Hex            0%         N/A       100%        8
 Disjunction              Tloc           0%         N/A       100%        8
 Call Canine Familiar     Summ           Unusable   N/A       N/A         3

Dungeon Overview and Level Annotations

Branches:
Dungeon (11/15)            Temple (1/1) D:7            Lair (5/5) D:11
  Swamp (0/4) Lair:3        Snake (0/4) Lair:2        Slime (0/5) Lair:5
    Orc (2/2) D:9             Elf (1/3) Orc:2         Sewer (visited)

Altars:
Ashenzari
Cheibriados
Dithmenos
Elyvilon
Fedhas
Gozag
Hepliaklqana
Kikubaaqudgha
Makhleb
Nemelex Xobeh
Okawaru
Qazlal
Ru
Sif Muna
Trog
Uskayaw
Vehumet
Wu Jian
Xom
Yredelemnul
Zin
The Shining One
Jiyva
Lugonu

Shops:
D:7 (   Orc:2 ::[?(

Portals:
Ice
Cave: Elf:1

Annotations:
D:7 3 runed translucent doors, Zonian's ghost, novice DEIE
Elf:1 exclusion: ice statue, Jorgrun


Innate Abilities, Weirdness & Mutations

You have a beak for a mouth.
You have claws for feet.
Your magical flight helps you evade attacks. (EV +4)
You can magically evade attacks while moving or waiting.


Message History

You throw a throwing net.
The throwing net completely misses Jorgrun.
You block Jorgrun's attack. The ice beast completely misses you.
The deep elf archer casts a spell.
The deep elf archer blinks!
You closely miss the ice beast. You claw the ice beast!
The ice beast is moderately wounded.
The deep elf archer shoots an arrow.
The arrow barely misses you.
The arrow hits the ice beast!
Unknown command.
Unknown command.
You slash the ice beast! You claw the ice beast.
The ice beast is heavily wounded.
The ice beast misses you. x3
You slice the ice beast!!
You kill the ice beast!
The ice beast disappears in a puff of smoke!
Jorgrun hits you but does no damage.
The deep elf zephyrmancer gestures wildly while chanting.
The deep elf zephyrmancer blinks!
You feel like a meek peon again.
Your hands slow down.
You block the ice beast's attack. x2
The deep elf pyromancer casts a spell.
You block Jorgrun's attack.
The deep elf archer unwields a +0 shortbow.
The deep elf archer wields a +4 dagger.
The deep elf archer hits you but does no damage.
The ice beast hits you but does no damage.
The ice beast completely misses you.
You slash the deep elf zephyrmancer! You freeze the deep elf zephyrmancer.
You claw the deep elf zephyrmancer!
The deep elf zephyrmancer is heavily wounded.
The deep elf pyromancer gestures wildly while chanting.
The deep elf pyromancer blinks!
You block the deep elf zephyrmancer's attack.
The deep elf pyromancer casts a spell.
The deep elf pyromancer blinks!
The ice beast closely misses you.
The ice beast hits you but does no damage.
The deep elf archer hits you with a +4 dagger!
You die...

.. ..# e.# #..#
# ###
####...#..
#.###.#'.#.'..
#.#(......e#
#.#§ge§..E☼#
##..e@..e##.#
#...#YY###..#
#..#.####.....#
#...## ...#.#
#...## ......
#.... .....
...... #...#
....Y... #+##
#.....8.$.


You could see Jorgrun, a deep elf archer (repels missiles), 3 deep elf
pyromancers, a deep elf zephyrmancer, a fire elemental (summoned) and 2 ice
beasts.

Vanquished Creatures
  Gastronok (Lair:1)
  An eleionoma (Lair:3)
  The ghost of XomNomNom the Spear-Bearer, a journeyman TrDe of Nemelex Xobeh (D:10)
  Josephine (D:10)
  Snorg (Lair:3)
  The ghost of jasper the Summoner, a journeyman DrSu of the Shining One (D:9)
  The ghost of kaliiiiii the Cleaver, a journeyman MiBe of Trog (D:9)
  2 hydras
  A catoblepas (Lair:1)
  The ghost of pigah the Mimic, a journeyman OpSh of Gozag (D:10)
  Erica (D:8)
  A two-headed ogre (D:11)
  A boulder beetle (D:11)
  10 death yaks
  The ghost of wildpjah the Carver, a novice MfGl of Dithmenos (D:10)
  Nergalle (D:11)
  2 deep elf knights (Orc:2)
  3 skysharks
  A lindwurm (Lair:2)
  A deep elf zephyrmancer (Elf:1)
  A deep elf archer (Orc:2)
  7 orc sorcerers (Orc:2)
  Maurice (D:11)
  3 elephants (Lair:4)
  7 black mambas
  15 cane toads
  A rime drake (Lair:4)
  7 komodo dragons
  3 kobold demonologists (D:9)
  Maggie (D:8)
  Jeremiah (D:6)
  7 trolls
  7 polar bears
  A hornet (D:11)
  19 blink frogs
  2 tyrant leeches (Lair:5)
  7 dream sheep (Lair:4)
  Sigmund (D:2)
  2 wyverns
  A shadow (D:11)
  4 wraiths
  3 basilisks
  3 steam dragons
  49 yaks
  9 vampire mosquitoes
  Grum (D:9)
  4 nagas (Lair:2)
  6 wargs (Orc:2)
  2 acid dragons (D:10)
  11 water moccasins
  Duvessa (D:7)
  11 orc warriors
  3 black bears
  An ice beast (D:7)
  A sky beast (D:7)
  9 ogres
  A centaur (D:8)
  18 wolves
  A phantom (D:6)
  2 kobold brigands
  Blork the orc (D:5)
  12 bullfrogs
  2 scorpions
  3 gnoll sergeants
  4 wights (D:10)
  Dowan (D:7)
  6 electric eels
  10 howler monkeys
  10 hounds
  A jelly (D:8)
  11 orc priests
  4 gnoll boudas
  Crazy Yiuf (D:5)
  Natasha (thrice) (D:4)
  40 orc wizards
  A malarious merfolk avatar (Sewer)
  A sickly merfolk siren (Sewer)
  43 gnolls
  15 adders
  2 river rats
  A white imp (D:7)
  2 worms
  3 dart slugs
  75 orcs
  20 ball pythons
  5 endoplasms
  9 giant cockroaches
  7 goblins
  13 hobgoblins
  7 jackals
  24 kobolds
  3 quokkas
  7 bats
  7 frilled lizards
  28 rats
649 creatures vanquished.

Vanquished Creatures (others)
  A yak (Lair:2)
  A hobgoblin (D:3)
  A rat (D:3)
  A foxfire (Elf:1)
4 creatures vanquished.

Grand Total: 653 creatures vanquished

Notes
Turn   | Place    | Note
-------+----------+-------------------------------------------
     0 | D:1      | wildpjah the Tengu Fighter began the quest for the Orb.
     0 | D:1      | Reached XP level 1. HP: 14/14 MP: 2/2
   120 | D:1      | Reached XP level 2. HP: 19/19 MP: 3/3
   164 | D:1      | Reached XP level 3. HP: 14/23 MP: 4/4
   376 | D:1      | Reached skill level 3 in Long Blades
   696 | D:1      | Found a faded altar of an unknown god.
   910 | D:2      | Reached XP level 4. HP: 28/28 MP: 5/5
   994 | D:2      | You fall into a shaft and drop 2 floors!
   998 | D:4      | Noticed Natasha
   998 | D:4      | Noticed an ogre
  1041 | D:4      | Noticed an angel
  1041 | D:4      | Found a burning altar of Makhleb.
  1041 | D:4      | Found a glowing silver altar of Zin.
  1042 | D:4      | Noticed a blizzard demon
  1086 | D:4      | Noticed a scorpion
  1091 | D:4      | Reached XP level 5. HP: 12/32 MP: 6/6
  1094 | D:4      | HP: 1/32 [poisoned by a scorpion]
  1099 | D:4      | Reached skill level 1 in Dodging
  1105 | D:4      | HP: 2/49 [poisoned by a scorpion]
  1105 | D:4      | Paralysed by a goblin for 5 turns
  1236 | D:4      | Reached skill level 5 in Armour
  1252 | D:4      | Found a glowing drain.
  1257 | Sewer    | Entered a sewer
  1368 | Sewer    | Reached XP level 6. HP: 35/38 MP: 7/7
  1375 | Sewer    | Reached skill level 4 in Long Blades
  2147 | D:3      | Found a shimmering altar of Xom.
  2311 | D:3      | Found a faded altar of an unknown god.
  2316 | D:3      | Found a hazy altar of Hepliaklqana.
  2911 | D:2      | Noticed Sigmund
  2918 | D:2      | Killed Sigmund
  2919 | D:2      | Gained mutation: Your magical flight helps you evade
                  | attacks. (EV +4) [Tengu growth]
  2919 | D:2      | Reached XP level 7. HP: 43/43 MP: 8/8
  3089 | D:3      | Found a glowing golden altar of the Shining One.
  3424 | D:4      | Reached skill level 5 in Long Blades
  3495 | D:4      | Killed Natasha
  3626 | D:4      | Noticed Natasha
  3636 | D:4      | Killed Natasha
  3756 | D:4      | Noticed Natasha
  3763 | D:4      | Killed Natasha
  3769 | D:4      | Reached XP level 8. HP: 48/48 MP: 9/9
  3932 | D:5      | Entered Level 5 of the Dungeon
  3942 | D:5      | Noticed Blork the orc
  3955 | D:5      | Killed Blork the orc
  4513 | D:5      | Reached skill level 5 in Fighting
  4513 | D:5      | Reached skill level 6 in Long Blades
  4829 | D:5      | Found a runed translucent door.
  4830 | D:5      | Noticed Crazy Yiuf
  4839 | D:5      | Killed Crazy Yiuf
  5177 | D:6      | Reached XP level 9. HP: 48/55 MP: 10/10
  5282 | D:6      | Noticed Jeremiah
  5296 | D:6      | Killed Jeremiah
  5297 | D:6      | Reached skill level 7 in Long Blades
  5297 | D:6      | Reached skill level 5 in Shields
  5524 | D:6      | Found an iron altar of Okawaru.
  5540 | D:6      | Became a worshipper of Warmaster Okawaru
  5746 | D:7      | Found a shimmering blue altar of Sif Muna.
  5752 | D:7      | Noticed Dowan
  5753 | D:7      | Noticed Duvessa
  5780 | D:7      | Killed Dowan
  5811 | D:7      | Killed Duvessa
  6008 | D:7      | Found a runed translucent gate.
  6008 | D:7      | Noticed Zonian's ghost (novice DEIE)
  6009 | D:7      | Found a runed translucent gate.
  6010 | D:7      | Found a runed translucent gate.
  6313 | D:7      | Found a sparkling altar of Nemelex Xobeh.
  6332 | D:7      | Found a staircase to the Ecumenical Temple.
  6397 | D:7      | Found Qikof's Weapon Shoppe.
  6681 | D:8      | Noticed Maggie
  6863 | Temple   | Entered the Ecumenical Temple
  6918 | D:8      | Found a shadowy altar of Dithmenos.
  6941 | D:8      | Reached * piety under Okawaru
  7004 | D:8      | Noticed Erica
  7019 | D:8      | Killed Erica
  7019 | D:8      | Reached ** piety under Okawaru
  7020 | D:8      | Reached skill level 8 in Long Blades
  7020 | D:8      | Reached XP level 10. HP: 42/63 MP: 11/11
  7063 | D:8      | Reached skill level 1 in Throwing
  7326 | D:8      | Killed Maggie
  7327 | D:8      | Reached skill level 9 in Long Blades
  7332 | D:8      | Reached *** piety under Okawaru
  7393 | D:8      | Found an ancient bone altar of Kikubaaqudgha.
  7478 | D:8      | Noticed a +0 hand axe
  7480 | D:8      | Noticed a +0 hand axe
  7483 | D:8      | Found a hide-covered altar of Uskayaw.
  7992 | D:9      | Found a staircase to the Orcish Mines.
  8023 | D:9      | Reached skill level 10 in Long Blades
  8254 | D:9      | Noticed Grum
  8267 | D:9      | Killed Grum
  8267 | D:9      | Reached **** piety under Okawaru
  8268 | D:9      | Reached XP level 11. HP: 41/69 MP: 12/12
  8473 | D:9      | Reached skill level 10 in Armour
  8786 | D:10     | Entered Level 10 of the Dungeon
  8943 | D:10     | Found a runed translucent gate.
  8944 | D:10     | Found a runed translucent gate.
  8945 | D:10     | Found a runed translucent gate.
  8946 | D:10     | Noticed kaliiiiii's ghost (journeyman MiBe)
  8946 | D:10     | Noticed pigah's ghost (journeyman OpSh)
  8946 | D:10     | Noticed XomNomNom's ghost (journeyman TrDe)
  8948 | D:10     | Noticed jasper's ghost (journeyman DrSu)
  9236 | D:10     | Found a bloodstained altar of Trog.
  9575 | D:10     | Found an ornate altar of the Wu Jian Council.
  9758 | D:9      | Identified a scroll of acquirement
  9758 | D:9      | Acquired the +0 cloak "Damnable Contraption" {rN+ Int+4
                  | SInv Stlth-}
 10009 | D:10     | Reached ***** piety under Okawaru
 10207 | D:10     | Noticed wildpjah's ghost (novice MfGl)
 10228 | D:11     | Noticed a boulder beetle
 10298 | D:11     | Noticed a two-headed ogre
 10308 | D:11     | Killed a two-headed ogre
 10309 | D:11     | Reached skill level 11 in Long Blades
 10319 | D:11     | Identified the +6 dagger of Lust {flame, Fly rPois Str+6
                  | Dex-5}
 10362 | D:11     | Noticed Josephine
 10397 | D:11     | Killed a boulder beetle
 10397 | D:11     | Received a gift from Okawaru
 10398 | D:11     | Reached skill level 1 in Short Blades
 10423 | D:11     | Noticed Nergalle
 10454 | D:10     | Killed Josephine
 10558 | D:11     | Noticed a spectral orc warlord
 10600 | D:11     | Reached XP level 12. HP: 76/76 MP: 13/13
 10649 | D:11     | Killed Nergalle
 10761 | D:11     | Noticed Maurice
 10770 | D:11     | Killed Maurice
 10770 | D:11     | Received a gift from Okawaru
 10839 | D:11     | Found a staircase to the Lair.
 11075 | D:14     | Identified the "Naebrytzyj"
 11075 | Lair:1   | Entered Level 1 of the Lair of Beasts
 11175 | Lair:1   | Noticed Gastronok
 11206 | Lair:1   | Killed Gastronok
 11207 | Lair:1   | Reached skill level 12 in Long Blades
 11475 | Lair:1   | Noticed a catoblepas
 11490 | Lair:1   | Killed a catoblepas
 11491 | Lair:1   | Reached skill level 10 in Fighting
 11499 | Lair:1   | Reached skill level 1 in Stealth
 11571 | Lair:1   | Paralysed by a hornet for 3 turns
 12345 | Lair:2   | Received a gift from Okawaru
 12558 | Lair:2   | Reached skill level 13 in Long Blades
 12576 | Lair:2   | Reached ****** piety under Okawaru
 12577 | Lair:2   | Acquired a +3 demon blade of freezing
 12577 | Lair:2   | Received a gift from Okawaru
 12579 | Lair:2   | Acquired the +1 pair of gloves "Kori Zuwa" {rC+ Dex+2}
 12579 | Lair:2   | Received a gift from Okawaru
 12626 | Lair:2   | Noticed a seven-headed hydra
 12636 | Lair:2   | Killed a three-headed hydra
 12637 | Lair:2   | Reached XP level 13. HP: 80/84 MP: 14/14
 12837 | Lair:2   | Found a staircase to the Snake Pit.
 13361 | Lair:3   | Received a gift from Okawaru
 13553 | Lair:3   | Found a staircase to the Swamp.
 13553 | Lair:3   | Noticed an eleionoma
 13564 | Lair:3   | Killed an eleionoma
 13696 | Lair:3   | Noticed Snorg
 13708 | Lair:3   | Killed Snorg
 13799 | Lair:3   | Received a gift from Okawaru
 14307 | Lair:4   | Reached skill level 14 in Long Blades
 14340 | Lair:4   | Received a gift from Okawaru
 14352 | Lair:4   | Reached skill level 1 in Evocations
 14859 | Lair:4   | Reached XP level 14. HP: 92/92 MP: 15/15
 15085 | Lair:5   | Entered Level 5 of the Lair of Beasts
 15218 | Lair:5   | Received a gift from Okawaru
 15222 | Lair:5   | Reached skill level 10 in Shields
 15349 | Lair:5   | Identified the +6 short sword "Useuhaish" {antimagic, rN++}
 15436 | Lair:5   | Received a gift from Okawaru
 15917 | Lair:4   | Received a gift from Okawaru
 16090 | Lair:5   | Found a viscous altar of Jiyva.
 16091 | Lair:5   | Found a staircase to the Slime Pits.
 16551 | Orc:1    | Entered Level 1 of the Orcish Mines
 16764 | Orc:2    | Entered Level 2 of the Orcish Mines
 16887 | Orc:2    | Found a staircase to the Elven Halls.
 16984 | Orc:2    | Reached skill level 15 in Long Blades
 17088 | Orc:2    | Found Xoppul's Antique Weapon Shop.
 17112 | Orc:2    | Found Puram's Magic Scroll Emporium.
 17173 | Orc:2    | Received a gift from Okawaru
 17238 | Orc:2    | Bought a scroll of acquirement for 728 gold pieces
 17238 | Orc:2    | Acquired the amulet "Henozish" {RegenMP rC- Str+2 Dex+4}
 17339 | Orc:2    | Found Todec's Vocational Training.
 17404 | Orc:2    | Found Oshrinoal's Armour Shop.
 17404 | Orc:2    | Found Fossiyru's Book Emporium.
 17428 | Orc:2    | Bought the +2 scale mail of the Centipede {Rampage Str+5}
                  | for 441 gold pieces
 17509 | D:10     | Killed wildpjah's ghost
 17525 | D:9      | Killed jasper's ghost
 17536 | D:9      | Killed kaliiiiii's ghost
 17646 | D:10     | Killed XomNomNom's ghost
 17655 | D:10     | Killed pigah's ghost
 17656 | D:10     | Reached XP level 15. HP: 95/100 MP: 16/16
 17817 | Orc:2    | Bought an Inescapable Atlas for 192 gold pieces
 18288 | Orc:2    | Bought a book of Fire for 384 gold pieces
 18290 | Orc:2    | Learned a level 1 spell: Foxfire
 18309 | Vaults:2 | Identified the of Zograe
 18309 | Vaults:2 | Identified the of Nianoe
 18309 | Vaults:5 | Identified the "Tufulost"
 18309 | Elf:1    | Identified the "Wuiten"
 18309 | Elf:1    | Entered Level 1 of the Elven Halls
 18325 | Orc:2    | Reached skill level 1 in Conjurations
 18522 | Elf:1    | Noticed Jorgrun
 18524 | Elf:1    | Found a frozen archway.
 18541 | Elf:1    | HP: 1/101 [ice beast[an ice statue] (6)]
 18547 | Elf:1    | Mangled by a deep elf archer

Illustrated notes

Levels and vault maps discovered:
D:1:      dpeg_arrival_brainrot, layout_loops_ring,
          hellmonk_ecumenical_altar_heavens_door
D:2:      layout_loops_cross, uniq_sigmund
D:3:      layout_loops_cross, nicolae_overflow_ecumenical_swirl,
          mainiacjoe_overflow_catwalk, xom_confusion_cloud, minivault_25,
          kennysheep_another_room, minmay_snake_closets
D:4:      minmay_general_purpose_star, layout_basic,
          grunt_temple_overflow_order_and_chaos_2, gup_sewer_entry_bowl,
          minmay_quantized, uniq_natasha
D:5:      layout_loops_ring, corexii_leaking_fountain, uniq_crazy_yiuf_cottage,
          uniq_blork_the_orc
D:6:      layout_basic, mainiacjoe_overflow_tiny_flanked, uniq_jeremiah
D:7:      layout_basic, nemelex_spade_bored_becter,
          nicolae_sif_muna_condensation, minmay_temple_entry_antechambers,
          biasface_ghost_orc_armoury, serial_shops, shop, uniq_duvessa
D:8:      layout_rooms, nicolae_dithmenos_shadow_blocks,
          dancing_weapons_uskayaw, amcnicky_altar_gilded, uniq_maggie,
          uniq_erica
D:9:      layout_cave_pools, david_orc_2, dreamdust_wishing_well, uniq_grum
D:10:     layout_layer_cave, trog_hazing_becter, mainiacjoe_overflow_alcove_2,
          gammafunk_ghost_cemetery
D:11:     layout_cave_pools, erik_lair_island, uniq_josephine, uniq_maurice,
          uniq_nergalle
Temple:   kb_corrupted_temple
Lair:1:   layout_big_grid, uniq_gastronok
Lair:2:   layout_gridlike, minmay_snake_entry_guardpost_small,
          lemuel_fruit_tree, serial_bayou_shore_a
Lair:3:   layout_hall_layers, alex1729_swamp_entry_worm_eleionoma,
          infiniplex_staircase_pool, serial_bayou_shore_b, uniq_snorg
Lair:4:   layout_misc_corridors, cheibrodos_lair_lostbears
Lair:5:   minmay_lair_end_frog_pond, layout_gridlike, slime_entry_1
Orc:1:    layout_caves, nicolae_orc_crystal_geode
Orc:2:    st_orc_town, layout_caves, nicolae_shop_vocational
Elf:1:    layout_geoelf_octagon, portal_ice_cave_entry_ice_statue_two,
          special_room [special_room_orc], minmay_elf_annihilation,
          minivault_20, chequers_big_river,
          nicolae_concentric_dashed_squares_wild, minmay_shoptagon, uniq_jorgrun

Skill      XL: |  1  2  3  4  5  6  7  8  9 10 11 12 13 14 15 |
---------------+----------------------------------------------+-----
Armour         | 4 5 6 7 9 10 11 13 14 | 14.3
Long Blades    | 3 4 5 6 8 10 11 13 14 15 | 15.3
Dodging        | 1 2 3 4 |  4.6
Fighting       | 4 5 7 8 9 10 12 14 | 14.3
Shields        | 4 5 6 7 9 10 | 10.8
Throwing       | 2 |  2.9
Short Blades   | 1 |  1.1
Stealth        | 2 |  2.6
Evocations     | 1 |  1.3
Conjurations   | 1 |  1.2
Fire Magic     | |  0.1
Invocations    | |  0.1

Action                     |  1- 3 |  4- 6 |  7- 9 | 10-12 | 13-15 || total
---------------------------+-------+-------+-------+-------+-------++-------
  Melee: Long sword        |    60 |       |       |       |       ||    60
         Peck              |    10 |    28 |    50 |   151 |   189 ||   428
         Kick              |    19 |    60 |   110 |   230 |   275 ||   694
         Falchion          |    15 |   227 |   283 |       |       ||   525
         Short sword       |       |       |    18 |     7 |       ||    25
         Scimitar          |       |       |       |   623 |     6 ||   629
         Demon blade       |       |       |       |     3 |   710 ||   713
  Throw: Dart              |       |     1 |     8 |     2 |       ||    11
         Javelin           |       |       |     1 |     9 |       ||    10
         Throwing net      |       |       |     1 |     4 |     1 ||     6
         Boomerang         |       |       |       |       |     6 ||     6
   Cast: Foxfire           |       |       |       |       |     1 ||     1
 Invoke: Heroism           |       |       |       |     1 |     1 ||     2
         Finesse           |       |       |       |     1 |     1 ||     2
         Receive Weapon    |       |       |       |     1 |       ||     1
         Receive Armour    |       |       |       |     1 |       ||     1
  Evoke: Wand              |       |     1 |     5 |     2 |     3 ||    11
    Use: Scroll            |       |     3 |     4 |    10 |     5 ||    22
         Potion            |       |     4 |     1 |     1 |     4 ||    10
   Stab: Petrified         |       |       |       |     7 |       ||     7
         Held in net/web   |       |       |       |     2 |       ||     2
 Armour: Scale mail        |    48 |   106 |   132 |    49 |    44 ||   379
         Skin              |       |     2 |       |       |       ||     2
         Plate armour      |       |       |       |   294 |   254 ||   548
  Dodge: Dodged            |    62 |   104 |   176 |   363 |   260 ||   965
  Block: Buckler           |    22 |    59 |   134 |   434 |   309 ||   958
         Reflection        |       |       |     4 |    25 |     2 ||    31

Table legend: (Time is in decaauts)
 A = Elapsed time spent in this place.
 B = Non-inter-level travel time spent in this place.
 C = Inter-level travel time spent in this place.
 D = Time resting spent in this place.
 E = Time spent auto-exploring this place.
 F = Levels seen in this place.
 G = Mean time per level.
                   A        B        C        D        E       F      G
               +--------+--------+--------+--------+--------+-----+--------+
         Total |  18352 |  17236 |   1116 |   1222 |  11700 |  21 |  873.9 |
       Dungeon |  11135 |  10529 |    606 |    655 |   7295 |  11 | 1012.3 |
        Temple |      1 |      1 |      0 |      0 |      0 |   1 |    1.0 |
          Lair |   5020 |   4802 |    218 |    385 |   3301 |   5 | 1004.0 |
  Orcish Mines |   1603 |   1312 |    291 |    182 |    818 |   2 |  801.5 |
   Elven Halls |     29 |     29 |      0 |      0 |      0 |   1 |   29.0 |
         Sewer |    561 |    561 |      0 |      0 |    285 |   1 |  561.0 |
               +--------+--------+--------+--------+--------+-----+--------+

Top non-repeatable levels by time:
    D:10: 1747 daAuts
  Lair:2: 1300 daAuts
     D:7: 1121 daAuts
  Lair:4: 1101 daAuts
     D:9: 1099 daAuts
  Lair:5: 1087 daAuts
     D:4: 1023 daAuts
   Orc:2: 1007 daAuts
     D:8: 993 daAuts
     D:5: 986 daAuts
     D:3: 939 daAuts
    D:11: 880 daAuts
     D:1: 873 daAuts
  Lair:3: 816 daAuts
     D:6: 807 daAuts
